 Dungeon Crawl Stone Soup version 0.29.1-2-gbd0b4ee654 (webtiles) character file.

Game seed: 6477896107086523033

518 cdecastro the Covert (level 7, 0/40 HPs)
             Began as a Kobold Brigand on Nov 17, 2022.
             Killed by nerve-wracking pain
             ... invoked by a shadow imp
              (13 damage)
             ... on level 5 of the Dungeon.
             The game lasted 00:06:50 (4231 turns).

cdecastro the Covert (Kobold Brigand)               Turns: 4231, Time: 00:06:52

Health: 0/40       AC:  8    Str:  8    XL:     7   Next: 45%
Magic:  7/7        EV: 17    Int: 15    God:
Gold:   151        SH:  0    Dex: 16    Spells: 6/6 levels left

rFire   + . .      SeeInvis .   E - +2 dagger (venom)
rCold   + . .      Faith    .   (no shield)
rNeg    . . .      Spirit   .   v - +2 leather armour {rF+}
rPois   .          Reflect  .   (no helmet)
rElec   .          Harm     .   c - +0 cloak
rCorr   .          Rampage  .   o - +0 pair of gloves
Will    .....                   p - +0 pair of boots
Stlth   +++++.....              (no amulet)
HPRegen 0.13/turn               t - +4 ring of evasion
MPRegen 0.10/turn               y - ring of protection from cold

@: lethally poisoned (0 -> -8)
A: small, no large weapons, nightstalker 3
a: no special abilities


You were on level 5 of the Dungeon.
You visited 1 branch of the dungeon, and saw 5 of its levels.

You collected 151 gold pieces.

Inventory:

Hand Weapons
 E - a +2 dagger of venom (weapon)
Missiles
 d - 8 poisoned darts (quivered)
 e - a curare-tipped dart
 g - 19 stones
Armour
 c - a +0 cloak (worn)
 o - a +0 pair of gloves (worn)
 p - a +0 pair of boots (worn)
 v - a +2 leather armour of fire resistance (worn)
Jewellery
 t - a +4 ring of evasion (left hand)
 x - a ring of magical power
 y - a ring of protection from cold (right hand)
Scrolls
 k - 2 scrolls of identify {unknown}
 l - a scroll of teleportation {unknown}
 n - a scroll of butterflies {unknown}
 s - a scroll of vulnerability {unknown}
 u - a scroll of noise {unknown}
 z - 2 scrolls of enchant weapon {unknown}
 C - 2 scrolls of immolation {unknown}
Potions
 a - a potion of haste {unknown}
 f - 3 potions of attraction {unknown}
 h - 2 potions of lignification {unknown}
 i - a potion of resistance {unknown}
 j - 2 potions of flight {unknown}
 m - 2 potions of curing {unknown}
 q - a potion of mutation {unknown}
 r - a potion of ambrosia {unknown}
 w - a potion of degeneration {unknown}
 B - a potion of brilliance {unknown}
 D - a potion of heal wounds {unknown}


   Skills:
 - Level 2.1 Fighting
 - Level 2.6 Short Blades
 * Level 7.0 Throwing
 - Level 1.2 Dodging
 + Level 8.0 Stealth


You had 6 spell levels left.
You didn't know any spells.
Your spell library contained the following spells:

 Spells                   Type           Power      Damage    Failure   Level
 Necrotise                Necr           0%         1d4       36%         1
 Sting                    Tmut/Pois      0%         1d3       36%         1
 Poisonous Vapours        Pois/Air       0%         N/A       52%         2
 Olgreb's Toxic Radiance  Pois           0%         N/A       98%         4


Dungeon Overview and Level Annotations

Branches:
Dungeon (5/15)
 Temple: D:4-7

Altars:

Annotations:
D:5 Grinder


Innate Abilities, Weirdness & Mutations

You are small and have problems with some larger weapons.
You are completely attuned to the shadows.


Message History

Unknown command.
You hit Grinder.
Grinder is lightly wounded.
Grinder barely misses you. The grasping roots constrict you.
The grasping roots release their grip on you.
You hit Grinder.
Grinder is lightly wounded.
A scorpion comes into view.
Grinder blinks!
Found 2 stones.
A shadow imp comes into view.
Grinder blinks!
You see here 2 curare-tipped darts.
The shadow imp gestures at you.
You struggle to resist.
You see here 2 curare-tipped darts.
You hit the scorpion.
The scorpion is poisoned.
The scorpion is lightly wounded.
The scorpion stings you.
* * * LOW HITPOINT WARNING * * *
You closely miss the scorpion.
The scorpion is heavily wounded.
The scorpion misses you. The shadow imp gestures at you.
You struggle to resist.
You closely miss the scorpion.
The scorpion is heavily wounded.
A water moccasin comes into view.
The scorpion stings you.
* * * LOW HITPOINT WARNING * * *
You are poisoned.
The scorpion poisons you!
You barely miss the scorpion.
The scorpion is heavily wounded.
You feel very sick. The scorpion misses you. The shadow imp spits at you.
The shadow imp gestures at you. Pain shoots through your body!
You die...

......##. .........# .(....5...
...$..... ...S5..##. #####
.....@.##. ##...##
................s.#.###.....##
.................#.#.##.......#
.................#............#
..................##.##..)....#
.............................##
...#..########............<..##
#.....# ####.............#
#.##..# ###..##.......#


You could see Grinder, a water moccasin, a scorpion (very poisoned) and a shadow
imp.

Vanquished Creatures
  A water moccasin (D:5)
  2 scorpions (D:5)
  3 hounds (D:4)
  An orc priest (D:4)
  3 orc wizards (D:4)
  3 adders
  A worm (D:3)
  5 orcs
  5 endoplasms
  2 giant cockroaches
  5 goblins
  3 hobgoblins
  7 kobolds
  5 quokkas
  13 ball pythons
  4 bats
  6 frilled lizards
  8 rats
77 creatures vanquished.

Notes
Turn   | Place    | Note
-------+----------+-------------------------------------------
     0 | D:1      | cdecastro the Kobold Brigand began the quest for the Orb.
     0 | D:1      | Reached XP level 1. HP: 12/12 MP: 1/1
    65 | D:1      | Reached XP level 2. HP: 17/17 MP: 2/2
   473 | D:1      | Found a faded altar of an unknown god.
   479 | D:1      | Got Plato's Essays on the Grave
   524 | D:1      | Reached XP level 3. HP: 21/21 MP: 3/3
  1273 | D:2      | Reached skill level 6 in Stealth
  1835 | D:2      | Reached XP level 4. HP: 26/26 MP: 4/4
  2894 | D:4      | Reached XP level 5. HP: 30/30 MP: 5/5
  2961 | D:4      | Reached skill level 5 in Throwing
  3425 | D:4      | Reached XP level 6. HP: 30/35 MP: 6/6
  3426 | D:4      | Reached skill level 7 in Stealth
  3909 | D:5      | Entered Level 5 of the Dungeon
  3926 | D:5      | Noticed a water moccasin
  3946 | D:5      | Killed a water moccasin
  3947 | D:5      | Reached XP level 7. HP: 18/40 MP: 7/7
  4217 | D:5      | Noticed Grinder
  4219 | D:5      | Reached skill level 8 in Stealth
  4230 | D:5      | Noticed a water moccasin
  4231 | D:5      | Killed from afar by a shadow imp

Illustrated notes

Levels and vault maps discovered:
D:1:      dpeg_arrival_tiny_d, layout_rooms,
          shapermc_ecumenical_altar_rom_forum, st_stairs_6, minmay_vboxes
D:2:      layout_loops_ring
D:3:      layout_loops_ring
D:4:      layout_rooms, nicolae_overflow_hidden_temple
D:5:      layout_rooms, uniq_grinder, uniq_blork_the_orc

Skill      XL: |  1  2  3  4  5  6  7 |
---------------+----------------------+-----
Throwing       | 3 4 5 6 7 |  7.0
Stealth        | 6 7 8 |  8.0
Fighting       | |  2.1
Short Blades   | |  2.6
Dodging        | |  1.2

Action                   |  1- 3 |  4- 6 |  7- 9 || total
-------------------------+-------+-------+-------++-------
Melee: Dagger            |    95 |   104 |    10 ||   209
       Punch             |       |     1 |       ||     1
Throw: Dart              |     1 |     6 |     2 ||     9
  Use: Potion            |       |     1 |       ||     1
 Stab: Sleeping          |    16 |    20 |     1 ||    37
Armor: Robe              |    18 |       |       ||    18
       Leather armour    |       |    29 |     1 ||    30
Dodge: Dodged            |    53 |    65 |     5 ||   123
